Cogmind - Beta 12 *** ADVENTURER MODE // 2023.09.27 @ 16:22:28 Player: Daemos Result: Destroyed by G-73 Enforcer with Heavy Laser Performance ------------- Evolutions (6) 3000 Regions Visited (19) 3800 Robots Destroyed (517) 2585 Value Destroyed (22268) 22268 Prototype IDs (63) 1260 Alien Tech Used (0) 0 Bonus (11700) 11700 TOTAL SCORE: 44613 Bonus ------- High Alert Combat Kills 5161 Follower Combat Kills 1312 Entered Garrisons 1200 Used RIF Installer 4500 Aligned with FarCom 300 Friendly Fire -773 Cogmind --------- Core Integrity 0/1150 Matter 290/300 Energy 98/100 System Corruption 3% Temperature Cool (1) Movement Treading (160) Location -4/Factory Parts ------- > --- POWER (2) -------- (None) > --- PROPULSION (4) --- Improved Treads > --- UTILITY (11) ----- Large Storage Unit > --- WEAPON (2) ------- (None) > --- INVENTORY (15) --- Improved Recalibrator Faulty Heavy Gatling Laser Peak State ------------ > --- POWER ------------ Reinforced Quantum Reactor Reinforced Quantum Reactor > --- PROPULSION ------- Myomer Leg Advanced VSS Leg Advanced VSS Leg Centrium Leg > --- UTILITY ---------- Advanced Heat Sink Advanced Cooling System Large Storage Unit Experimental Targeting Computer Improved Target Analyzer Advanced Target Analyzer Armor Integrity Analyzer Advanced Weapon Cycler Advanced Weapon Cycler Improved Medium Armor Plating Relay Coupler [C] > --- WEAPON ----------- Enhanced Nova Cannon Enhanced Nova Cannon > --- INVENTORY -------- Quantum Reactor Improved Matter Compressor Advanced Phase Shifter Improved Medium Armor Plating Advanced System Restoration Module Improved Recalibrator Enhanced Quantum Rifle Enhanced Quantum Rifle Enhanced Nova Cannon Enhanced Nova Cannon Enhanced Nova Cannon Heavy Flail [Rating: 136] Favorites ----------- Power Improved Deuterium Engine Engine Improved Deuterium Engine Power Core Light Nuclear Core Reactor Reinforced Quantum Reactor Propulsion Advanced Myomer Leg Treads Advanced Treads Leg Advanced Myomer Leg Wheel Armored Wheel Hover Unit Hover Unit Flight Unit VTOL Module Utility Armor Integrity Analyzer Device Advanced Heat Sink Storage Small Storage Unit Processor Armor Integrity Analyzer Hackware Advanced Hacking Suite Protection Improved Medium Armor Plating Weapon Gatling Laser Energy Gun Gatling Laser Energy Cannon Enhanced Nova Cannon Ballistic Gun Hypervelocity Coil Gun Ballistic Cannon Improved Light Cannon Launcher Rocket Array Impact Weapon Heavy Flail Build | -11 -10 -10 -9 -9 -9 -8 -8 -8 -7 -7 -7 -7 -6 -6 -6 -6 -5 -5 -4 ------- Run | Jun Mat Min Mat Min Exi Min Mat Gar Fac Gar Fac Gar Fac Gar Fac Gar Fac Gar Fac Slots Evolved 12 | . . . 2 . . . 2 . 2 . . . 2 . . . 2 . 2 Power 1 | . . . . . . . . . . . . . . . . . . . 1 Propulsion 2 | . . . . . . . 1 . 1 . . . . . . . . . . Utility 9 | . . . 2 . . . 1 . 1 . . . 2 . . . 2 . 1 Weapon . | . . . . . . . . . . . . . . . . . . . . Parts Attached 441 | 8 6 6 31 . 1 . 26 18 36 16 24 13 43 25 38 13 26 68 43 Power 50 | 2 1 2 8 . . . 4 2 3 1 5 1 4 . 4 1 1 5 6 Engine 27 | 2 . 2 8 . . . 1 . 3 . 2 1 3 . 4 1 . . . Core 11 | . 1 . . . . . 3 2 . . 3 . 1 . . . . 1 . Reactor 12 | . . . . . . . . . . 1 . . . . . . 1 4 6 Propulsion 81 | 2 . 3 5 . . . 5 3 10 . 3 5 8 2 1 1 6 18 9 Treads 7 | . . . . . . . . . . . . . 1 . . . . 3 3 Leg 58 | . . . . . . . . 3 10 . 3 5 7 2 1 1 6 14 6 Wheel 13 | 2 . 1 5 . . . 5 . . . . . . . . . . . . Hover 2 | . . 2 . . . . . . . . . . . . . . . . . Flight 1 | . . . . . . . . . . . . . . . . . . 1 . Utility 151 | 1 2 . 9 . 1 . 9 5 13 . 6 5 14 4 21 6 15 24 16 Device 79 | . . . 1 . . . 2 3 4 . 1 3 8 2 14 5 12 17 7 Storage 8 | 1 . . 1 . 1 . . . . . 1 . 2 . . . 1 . 1 Processor 19 | . 2 . 2 . . . 1 . 2 . 1 . 2 . 2 . . 3 4 Hackware 3 | . . . . . . . . 1 . . . . . . . . 1 . 1 Protection 42 | . . . 5 . . . 6 1 7 . 3 2 2 2 5 1 1 4 3 Artifact . | . . . . . . . . . . . . . . . . . . . . Weapon 159 | 3 3 1 9 . . . 8 8 10 15 10 2 17 19 12 5 4 21 12 Energy Gun 64 | . . . . . . . 1 . 5 10 10 1 12 9 7 . 2 2 5 Energy Cannon 16 | . . . 1 . . . . . 1 1 . 1 2 . . . . 5 5 Ballistic Gun 12 | 3 2 1 . . . . . 1 2 . . . 1 . 1 . . 1 . Ballistic Cannon 48 | . 1 . 8 . . . 6 6 . . . . 2 8 2 4 2 9 . Launcher 1 | . . . . . . . . . 1 . . . . . . . . . . Special Weapon . | . . . . . . . . . . . . . . . . . . . . Impact Weapon 18 | . . . . . . . 1 1 1 4 . . . 2 2 1 . 4 2 Slashing Weapon . | . . . . . . . . . . . . . . . . . . . . Piercing Weapon . | . . . . . . . . . . . . . . . . . . . . Special Melee Weapon . | . . . . . . . . . . . . . . . . . . . . Unidentified Prototypes 24 | . . . 2 . . . 1 . 2 . 3 . 9 . 5 . . . 2 Parts Lost 108 | . . 2 . . . . 2 7 3 2 2 5 8 1 3 3 5 28 37 Power 13 | . . 1 . . . . 1 2 . . 1 . 1 . 1 1 . 2 3 Propulsion 26 | . . 1 . . . . . 1 1 . . 3 2 . . 1 2 7 8 Utility 45 | . . . . . . . 1 2 1 . 1 2 2 1 1 1 3 11 19 Weapon 24 | . . . . . . . . 2 1 2 . . 3 . 1 . . 8 7 Highest Loss Streak 21 | . . 1 . . . . 1 5 1 1 1 2 4 1 2 2 3 16 21 To Critical Strikes 2 | . . . . . . . . . . . . . . . . . . . 2 Average Slot Usage (%) 96 | . 97 98 97 100 100 100 97 93 99 100 99 99 95 99 99 95 93 88 86 Engine 4 | . 4 9 10 11 11 11 3 . 6 4 . 7 2 6 6 6 1 . . Core 1 | . 9 3 . . . . 4 7 . . 4 . 3 . . . . . . Leg 21 | . . . . . . . . 17 29 30 29 29 24 26 25 25 22 21 17 Wheel 4 | . 28 17 21 22 22 22 26 4 . . . . . . . . . . . Device 10 | . . . 1 . . . 1 14 7 7 7 6 11 19 13 12 17 18 22 Storage 8 | . 14 14 11 11 16 22 18 10 7 7 6 7 6 6 6 6 8 5 2 Processor 16 | . 11 14 22 22 16 11 9 9 14 15 15 15 20 20 20 20 12 16 14 Hackware 3 | . . . . . . . . 6 7 7 7 7 6 . . . 4 2 4 Protection 7 | . . . 7 11 11 11 16 4 6 7 7 7 4 5 12 8 5 3 4 Energy Gun 7 | . . . . . . . . . 13 14 14 14 4 11 12 1 6 1 2 Ballistic Gun 1 | . 18 13 . . . . . 7 1 . . . . . . . . . . Ballistic Cannon 5 | . 9 14 21 22 22 22 17 10 . . . . 7 . . 11 3 3 . Naked Turns . | . . . . . . . . . . . . . . . . . . . . Heaviest Build 109 | 13 14 15 25 25 29 29 39 37 37 42 37 36 67 62 55 73 84 88 109 Greatest Support 150 | 32 32 32 24 24 24 24 40 40 72 72 78 78 98 103 103 103 98 150 105 Greatest Overweight (x) 16 | . . . 2 1 1 1 1 2 1 . . . 1 . . . 1 6 16 Average Overweight (x) . | . . . . 1 1 1 . . . . . . . . . . . . . Largest Inventory Capacity 15 | 8 8 8 8 8 8 8 8 8 8 8 8 8 15 15 15 15 15 15 15 Average Capacity 10 | 7 8 8 8 8 8 8 8 8 8 8 7 8 11 15 15 15 15 15 10 Most Carried 15 | 2 8 8 8 8 8 8 8 8 8 8 8 8 15 15 15 15 15 15 15 Average Carried 9 | 1 5 6 7 8 8 8 7 7 7 7 7 7 9 14 14 14 14 11 7 Final Capacity 15 | 8 8 8 8 8 8 8 8 8 8 8 8 8 15 15 15 15 15 15 15 Final Carried 15 | 2 8 6 8 8 8 8 8 8 8 8 8 8 15 15 14 15 15 15 2 Class Distribution -------------------- 40% | Scavenger-Mutant 30% | Hacker-Mutant 28% | Mutant Dominant Class ---------------- Mutant | -10/Materials Mutant | -10/Mines Mutant | -9/Materials Mutant | -9/Mines Mutant | -9/Exiles Mutant | -8/Mines Mutant | -8/Materials Scavenger-Mutant | -8/Garrison Scavenger-Mutant | -7/Factory Hacker-Mutant | -7/Garrison Hacker-Mutant | -7/Factory Scavenger-Mutant | -7/Garrison Scavenger-Mutant | -6/Factory Mutant | -6/Garrison Scavenger-Mutant | -6/Factory Mutant | -6/Garrison Hacker-Mutant | -5/Factory Scavenger-Mutant | -5/Garrison Scavenger-Mutant | -4/Factory Resources | -11 -10 -10 -9 -9 -9 -8 -8 -8 -7 -7 -7 -7 -6 -6 -6 -6 -5 -5 -4 ----------- Run | Jun Mat Min Mat Min Exi Min Mat Gar Fac Gar Fac Gar Fac Gar Fac Gar Fac Gar Fac Matter Collected 10458 | 189 320 191 1002 . . 30 1111 978 556 155 225 140 696 398 393 1237 979 1480 378 Remotely . | . . . . . . . . . . . . . . . . . . . . Salvage Created 21470 | . 614 192 1136 . . . 1080 982 1648 928 1476 1169 2051 774 1465 982 1502 3139 2332 Parts 912 | . 42 9 65 . . . 75 40 75 39 43 57 100 38 52 32 71 91 83 Haulers Intercepted 15 | . 2 . 4 . . . 3 1 . . 1 . 1 . . . . . 3 Recyclers Shooed 5 | . 2 . . . . . 2 . . . . . 1 . . . . . . Parts Field Recycled . | . . . . . . . . . . . . . . . . . . . . Retrieved Matter . | . . . . . . . . . . . . . . . . . . . . Parts Self-Destructed . | . . . . . . . . . . . . . . . . . . . . Prevented . | . . . . . . . . . . . . . . . . . . . . Kills | -11 -10 -10 -9 -9 -9 -8 -8 -8 -7 -7 -7 -7 -6 -6 -6 -6 -5 -5 -4 ------- Run | Jun Mat Min Mat Min Exi Min Mat Gar Fac Gar Fac Gar Fac Gar Fac Gar Fac Gar Fac Combat Hostiles Destroyed 440 | . 9 10 30 . . . 36 21 33 21 21 30 46 20 24 36 34 41 28 Melee 3 | . . . . . . . . . . 1 . . . . . . . 2 . Guns 225 | . 8 3 . . . . . 7 31 20 18 30 38 16 22 3 17 9 3 Cannons 192 | . 1 7 30 . . . 36 13 . . . . 7 4 . 33 14 28 19 Classes Destroyed 23 | . 6 1 3 . . . 1 3 . . 2 1 1 . 1 3 1 . . Worker 5 | . 1 . 1 . . . . . 2 . . . 1 . . . . . . Builder 4 | . . . . . . . 1 . . . . . . . . . 2 . 1 Tunneler 1 | . . . . . . . . . . . . . . . 1 . . . . Hauler 15 | . 2 . 4 . . . 3 1 . . 1 . 1 . . . . . 3 Recycler 13 | . 2 . . . . . 1 . 1 . 5 . 1 . 2 . 1 . . Mechanic 1 | . . . . . . . . . . . 1 . . . . . . . . Operator 6 | . . . 1 . . . 2 . . . . . . . 1 . 1 . 1 Watcher 28 | . 3 . 5 . . . 3 . 6 . 4 . 1 . 2 . 2 1 1 Swarmer 109 | . 3 6 . . . . 9 3 10 6 . 7 16 13 6 10 10 8 2 Cutter 4 | . . . . . . . . . . . . 3 . . . . . . 1 Saboteur 4 | . . . . . . . . . . . . . 1 . . . . 2 1 Grunt 143 | . 6 3 18 . . . 17 10 9 7 7 12 6 2 2 11 11 14 8 Brawler 16 | . . . 2 . . . 2 1 1 . 2 2 2 . 1 1 . 1 1 Duelist 6 | . . . . . . . . . . . 1 . 1 . 1 . 2 . 1 Protector 1 | . . . . . . . . . . . . . . . . . 1 . . Sentry 77 | . . . 10 . . . 8 4 8 4 4 . 8 4 7 5 5 7 3 Demolisher 1 | . . 1 . . . . . . . . . . . . . . . . . Specialist 8 | . . . . . . . . . . . . . . . . 1 1 4 2 Hunter 24 | . . . . . . . . 1 . 1 2 2 6 2 3 . . 1 6 Programmer 42 | . . . . . . . . 1 5 3 5 4 7 . 5 3 4 3 2 Heavy 2 | . . . . . . . . . . . . . . . . 1 . . 1 Behemoth 5 | . . . . . . . . 1 . . . . . . . 2 . 2 . Striker 2 | . . . . . . . . . . . . . . . . 2 . . . Best Kill Streak 12 | . 4 3 5 . . . 5 5 5 5 5 4 9 7 4 4 12 4 9 Combat Bots Only 11 | . 3 3 5 . . . 5 5 4 5 4 4 8 7 3 4 11 4 8 Max Kills in Single Turn 2 | . 1 1 2 . . . 2 1 2 1 2 2 2 2 2 2 2 2 2 Gunslinging 1 | . . . . . . . . . 1 . . 1 1 1 . . . . . Exploded . | . . . . . . . . . . . . . . . . . . . . Melee 1 | . . . . . . . . . . 1 . . . . . . . 1 . Uniques/NPCs Destroyed . | . . . . . . . . . . . . . . . . . . . . Combat | -11 -10 -10 -9 -9 -9 -8 -8 -8 -7 -7 -7 -7 -6 -6 -6 -6 -5 -5 -4 -------- Run | Jun Mat Min Mat Min Exi Min Mat Gar Fac Gar Fac Gar Fac Gar Fac Gar Fac Gar Fac Damage Taken 22862 | . 191 498 476 . . . 1106 1365 1237 681 793 1009 1700 594 1092 1159 2088 3161 5712 Core 3287 | . 47 165 69 . . . 151 155 140 46 61 70 229 85 79 63 220 552 1155 Absorbed by Shields 335 | . . . . . . . . 100 . . . . 235 . . . . . . Redirected to Shielding 79 | . . . . . . . . . . . . . . . . . . . 79 Regen/Repaired (Parts) 1458 | . . . 267 . . . 190 . 177 . 63 . 81 . 653 . 27 . . Core Remaining (%) 51 | 100 . 15 . . . 82 . 44 . . . 54 . . . 46 . 22 . Volleys Fired 1231 | . 55 29 88 . . . 100 89 83 47 70 57 105 41 64 106 84 120 93 Largest 2 | . 2 2 2 . . . 2 2 2 2 2 2 2 2 2 2 2 2 2 Hottest 240 | . 55 55 78 . . . 88 88 160 160 160 178 200 160 160 160 160 240 240 Shots Fired 2369 | . 110 58 176 . . . 189 173 158 89 140 114 188 79 126 196 166 233 174 Gun 1187 | . 99 29 . . . . . 50 158 84 140 112 141 59 125 10 93 36 51 Cannon 1182 | . 11 29 176 . . . 189 123 . 5 . 2 47 20 1 186 73 197 123 Launcher . | . . . . . . . . . . . . . . . . . . . . Special . | . . . . . . . . . . . . . . . . . . . . Kinetic 1203 | . 110 58 176 . . . 189 173 37 . . . 44 20 1 186 73 136 . Thermal 1166 | . . . . . . . . . 121 89 140 114 144 59 125 10 93 97 174 Explosive . | . . . . . . . . . . . . . . . . . . . . Electromagnetic . | . . . . . . . . . . . . . . . . . . . . Robot Hit Streak 55 | . 27 11 18 . . . 34 35 37 27 30 52 50 17 42 22 55 36 16 Robot Miss Streak 5 | . 2 4 2 . . . 3 3 4 3 5 4 4 5 3 2 3 3 2 Penetration Max 1 | . . . . . . . . 1 1 . . . . . . . 1 1 . Secondary Targets 15 | . . . . . . . . . 2 . 2 2 3 2 1 1 1 1 . Max Gunslinging Chain 1 | . . . . . . . . . 1 . 1 1 1 1 1 1 1 1 . Shots Hit Robots 1962 | . 83 39 134 . . . 151 128 145 84 133 97 170 69 111 117 146 210 145 Core Hits 1238 | . 40 16 45 . . . 65 45 120 68 102 91 158 60 98 63 115 98 54 Critical Kills 19 | . . . . . . . . 7 2 1 . . . . . . . 6 3 Critical Parts Destroyed 23 | . . . . . . . . 10 3 . . . . . . . . 9 1 Critical Strikes 107 | . 1 2 4 . . . 11 21 6 1 . . 4 2 . 12 9 26 8 Burn 5 | . . . . . . . . . . . . . 1 . . . . . 4 Meltdown 7 | . . . . . . . . . . . . . . . . . . 4 3 Destroy 27 | . . . . . . . . 18 6 . . . . . . . . 3 . Blast 57 | . 1 2 4 . . . 11 2 . . . . 3 2 . 12 9 11 . Smash 11 | . . . . . . . . 1 . 1 . . . . . . . 8 1 Melee Attacks 67 | . . . . . . . 4 3 3 8 . . . 8 3 1 . 31 6 Impact 67 | . . . . . . . 4 3 3 8 . . . 8 3 1 . 31 6 Slashing . | . . . . . . . . . . . . . . . . . . . . Piercing . | . . . . . . . . . . . . . . . . . . . . Sneak Attacks . | . . . . . . . . . . . . . . . . . . . . Combat Hostiles . | . . . . . . . . . . . . . . . . . . . . Follow-up Attacks . | . . . . . . . . . . . . . . . . . . . . Damage Inflicted 55383 | . 811 488 3012 . . . 3560 2349 3233 1937 3498 2417 4637 1864 2947 4589 4609 9672 5760 Guns 24042 | . 699 161 . . . . . 221 3233 1744 3490 2417 3372 1224 2947 257 2230 908 1139 Cannons 28503 | . 112 327 3012 . . . 3555 2021 . 172 . . 1232 416 . 4266 2147 6777 4466 Explosions 277 | . . . . . . . . . . . . . . . . . 232 45 . Melee 2515 | . . . . . . . . 107 . 21 . . . 224 . 66 . 1942 155 Ramming 46 | . . . . . . . 5 . . . 8 . 33 . . . . . . Kinetic 23072 | . 811 488 3012 . . . 3555 2242 374 . . . 1127 416 . 4266 2147 4634 . Thermal 29473 | . . . . . . . . . 2859 1916 3490 2417 3477 1224 2947 257 2230 3051 5605 Explosive 45 | . . . . . . . . . . . . . . . . . . 45 . Electromagnetic 232 | . . . . . . . . . . . . . . . . . 232 . . Impact 2515 | . . . . . . . . 107 . 21 . . . 224 . 66 . 1942 155 Slashing . | . . . . . . . . . . . . . . . . . . . . Piercing . | . . . . . . . . . . . . . . . . . . . . Highest Corruption 11 | . 1 1 . . . . . . 1 . 1 . 2 1 4 2 . 2 11 Average Corruption 2 | . 1 1 . . . . . . 1 . 1 . 1 1 1 1 . 1 5 Corruption Purged 25 | . . . . . . . . . 2 . 1 . 2 1 7 2 . 2 8 Corruption Blocked . | . . . . . . . . . . . . . . . . . . . . Effects 39 | . 4 3 . . . . . . . . . . 1 4 5 2 . . 20 Message Errors 7 | . 1 . . . . . . . . . . . . 3 . . . . 3 Matter Fused 8 | . . . . . . . . . . . . . 1 . 1 1 . . 5 Heat Flow Errors 5 | . 1 . . . . . . . . . . . . 1 1 . . . 2 Energy Discharges 6 | . 2 2 . . . . . . . . . . . . 1 . . . 1 Parts Rejected 1 | . . . . . . . . . . . . . . . . . . . 1 Parts Fused 2 | . . . . . . . . . . . . . . . 1 . . . 1 Data Loss (minor) 2 | . . . . . . . . . . . . . . . 1 . . . 1 Data Loss (major) 1 | . . 1 . . . . . . . . . . . . . . . . . Misfires 2 | . . . . . . . . . . . . . . . . 1 . . 1 Alerts 1 | . . . . . . . . . . . . . . . . . . . 1 Weapon Failures 4 | . . . . . . . . . . . . . . . . . . . 4 Overload Shots . | . . . . . . . . . . . . . . . . . . . . Overflow Damage 1900 | . . . 60 . . . 52 27 . 4 . . 57 67 . 220 125 913 375 Projectiles 996 | . . . 60 . . . 52 5 . 4 . . 57 . . 220 125 204 269 Explosions . | . . . . . . . . . . . . . . . . . . . . Melee 904 | . . . . . . . . 22 . . . . . 67 . . . 709 106 Knockbacks 157 | . 3 7 14 . . . 31 10 . . . . 10 2 . 34 14 31 1 Impact 5 | . . . . . . . . 1 . . . . . . . . . 3 1 Kinetic 133 | . 3 5 12 . . . 26 9 . . . . 10 2 . 27 13 26 . Secondary 19 | . . 2 2 . . . 5 . . . . . . . . 7 1 2 . Self-Inflicted Damage 77 | . . . . . . . 2 . . . . . . . . . 34 41 . Shots 2 | . . . . . . . . . . . . . . . . . 1 1 . Rammed 4 | . . . 1 . . . 3 . . . . . . . . . . . . Targets Rammed 7 | . . . 1 . . . 3 . . . 2 . 1 . . . . . . Kicked 3 | . . . . . . . . . . . 2 . 1 . . . . . . Crushed . | . . . . . . . . . . . . . . . . . . . . Highest Temperature 629 | . 184 126 202 . . . 372 31 27 11 380 356 198 337 277 306 374 288 629 Average Temperature 81 | . 33 46 43 . . . 87 9 11 6 46 68 51 58 42 69 135 80 185 Received Heat Transfer 6693 | . 78 144 297 . . . 612 406 354 174 246 315 293 102 192 249 592 1302 1337 Effects 17 | . . . . . . . 2 . . . . . . . . . 2 . 13 Shutdowns 5 | . . . . . . . . . . . . . . . . . . . 5 Energy Bleed 3 | . . . . . . . . . . . . . . . . . . . 3 Interference 7 | . . . . . . . 1 . . . . . . . . . 2 . 4 Matter Decay 1 | . . . . . . . . . . . . . . . . . . . 1 Damage (minor) 1 | . . . . . . . 1 . . . . . . . . . . . . Siege Activations 1 | . . . . . . . . . . . . . . . . . . 1 . Total Turns 2 | . . . . . . . . . . . . . . . . . . 2 . Longest Duration 2 | . . . . . . . . . . . . . . . . . . 2 . Robots Corrupted . | . . . . . . . . . . . . . . . . . . . . Combat Hostiles . | . . . . . . . . . . . . . . . . . . . . Parts Fried 18 | . . . . . . . . 3 . . . . . 1 . . . 12 2 Impact Corruptions 23 | . . . . . . . . 1 . . . . . 1 . 2 . 14 5 Robots Melted 20 | . . . . . . . . . 2 . 3 . 1 . 2 . 3 4 5 Combat Hostiles 18 | . . . . . . . . . 2 . 3 . 1 . 2 . 3 2 5 Parts Melted 173 | . . . . . . . . . 28 4 16 19 25 6 26 . 20 10 19 Heat Transferred 53806 | . . . . . . . . . 6300 3788 7675 5325 7196 2425 6125 525 4939 3725 5783 Parts Sabotaged 8 | . . . . . . . . . . . . . . . . . . 8 . Parts Stolen . | . . . . . . . . . . . . . . . . . . . . Parts Stripped . | . . . . . . . . . . . . . . . . . . . . Power Chain Reactions . | . . . . . . . . . . . . . . . . . . . . Missiles Intercepted . | . . . . . . . . . . . . . . . . . . . . Alert | -11 -10 -10 -9 -9 -9 -8 -8 -8 -7 -7 -7 -7 -6 -6 -6 -6 -5 -5 -4 ------- Run | Jun Mat Min Mat Min Exi Min Mat Gar Fac Gar Fac Gar Fac Gar Fac Gar Fac Gar Fac Peak Influence 2534 | . 236 317 529 . . . 414 951 618 1108 676 961 718 822 444 1258 1085 2534 1461 Initial 1152 | . . 2 45 . . . . 235 432 89 503 . 436 186 373 3 572 636 1152 Average 406 | . 95 167 264 . . . 123 626 173 519 327 518 242 471 101 581 856 1545 1254 Maximum Alert Level 5 | . 1 1 2 . . . 2 3 2 4 2 3 3 3 2 4 3 5 4 Low Security (%) 44 | 100 84 56 36 100 . 100 80 . 68 10 39 18 44 10 80 17 . . . Level 1 15 | . 15 43 40 . . . 18 18 8 27 10 10 24 33 18 13 . . . Level 2 21 | . . . 22 . . . . 39 22 38 49 47 29 41 . 30 29 1 . Level 3 9 | . . . . . . . . 41 . 21 . 23 1 14 . 24 70 24 . Level 4 4 | . . . . . . . . . . 2 . . . . . 14 . 24 100 Level 5 3 | . . . . . . . . . . . . . . . . . . 49 . High Security . | . . . . . . . . . . . . . . . . . . . . Max Security . | . . . . . . . . . . . . . . . . . . . . Squads Dispatched 97 | . 1 . 4 . . . 8 . 10 . 13 . 27 . 16 . 8 . 10 Investigation 17 | . 1 . 2 . . . 3 . 1 . 2 . 2 . 6 . . . . Extermination 25 | . . . . . . . . . 4 . 5 . 7 . 6 . 2 . 1 Reinforcement 19 | . . . 2 . . . 2 . 1 . 2 . 7 . 1 . . . 4 Assault 6 | . . . . . . . . . . . 1 . . . . . 3 . 2 Garrison 30 | . . . . . . . 3 . 4 . 3 . 11 . 3 . 3 . 3 Intercept . | . . . . . . . . . . . . . . . . . . . . Searches Triggered . | . . . . . . . . . . . . . . . . . . . . Construction Impeded 1 | . . . . . . . 1 . . . . . . . . . . . . Haulers Reinforced 2 | . . . . . . . . . . . . . 1 . . . . . 1 Active Scanning Responses . | . . . . . . . . . . . . . . . . . . . . Cargo Convoy Interrupts 2 | . . . . . . . . . . . . . 1 . . . 1 . . Stealth | -11 -10 -10 -9 -9 -9 -8 -8 -8 -7 -7 -7 -7 -6 -6 -6 -6 -5 -5 -4 --------- Run | Jun Mat Min Mat Min Exi Min Mat Gar Fac Gar Fac Gar Fac Gar Fac Gar Fac Gar Fac Distress Signals 17 | . 1 . 7 . . . 1 . 2 . 1 . 1 . . . 1 . 3 Communications Jammed 2 | . . . . . . . . . . . . . . . . . . . 2 Distress Signals . | . . . . . . . . . . . . . . . . . . . . Times Spotted 614 | . 13 25 45 . . . 43 23 53 31 41 39 57 24 35 32 48 55 50 Peak Tracking Total 20 | . 3 20 5 . . . 6 4 5 5 4 5 7 5 3 4 8 5 11 Tactical Retreats 41 | . . 4 6 . . . 2 1 1 3 . . 5 1 1 1 4 8 4 Traps | -11 -10 -10 -9 -9 -9 -8 -8 -8 -7 -7 -7 -7 -6 -6 -6 -6 -5 -5 -4 ------- Run | Jun Mat Min Mat Min Exi Min Mat Gar Fac Gar Fac Gar Fac Gar Fac Gar Fac Gar Fac Traps Triggered 60 | . 1 . 7 . . . 2 4 8 3 5 5 3 2 6 5 2 7 . Indirectly . | . . . . . . . . . . . . . . . . . . . . Trap Hack Attempts . | . . . . . . . . . . . . . . . . . . . . Triggered . | . . . . . . . . . . . . . . . . . . . . Disarmed . | . . . . . . . . . . . . . . . . . . . . Reprogrammed . | . . . . . . . . . . . . . . . . . . . . Reused . | . . . . . . . . . . . . . . . . . . . . Traps Extracted . | . . . . . . . . . . . . . . . . . . . . Installed . | . . . . . . . . . . . . . . . . . . . . Triggered 1 | . . . . . . . . . . . . . . . . . 1 . . Machines | -11 -10 -10 -9 -9 -9 -8 -8 -8 -7 -7 -7 -7 -6 -6 -6 -6 -5 -5 -4 ---------- Run | Jun Mat Min Mat Min Exi Min Mat Gar Fac Gar Fac Gar Fac Gar Fac Gar Fac Gar Fac Machines Disabled 33 | . . . 2 . . . 2 . 2 2 2 2 . . 1 9 4 6 1 Max in Single Turn 2 | . . . 1 . . . 1 . 1 2 . 2 . . 1 1 1 2 1 Garrison Access 3 | . . . . . . . . . 2 . 1 . . . . . . . . Garrison Relay 1 | . . . . . . . . . . . . . . . . . . 1 . Phase Generator 3 | . . . . . . . . . . 1 . 1 . . . . . 1 . Machines Repaired . | . . . . . . . . . . . . . . . . . . . . Machines Sabotaged . | . . . . . . . . . . . . . . . . . . . . Overloaded Fab Kills . | . . . . . . . . . . . . . . . . . . . . Hacking | -11 -10 -10 -9 -9 -9 -8 -8 -8 -7 -7 -7 -7 -6 -6 -6 -6 -5 -5 -4 --------- Run | Jun Mat Min Mat Min Exi Min Mat Gar Fac Gar Fac Gar Fac Gar Fac Gar Fac Gar Fac Machines Accessed 132 | . 9 . 13 . 1 . 14 5 18 2 13 3 11 3 29 1 6 1 3 Terminals 77 | . 8 . 10 . . . 10 5 4 2 5 3 6 3 15 1 2 1 2 Fabricators 14 | . . . . . . . . . 3 . 4 . 2 . 5 . . . . Repair Stations 13 | . . . 1 . . . 2 . 2 . 1 . 1 . 5 . 1 . . Recycling Units 10 | . 1 . 1 . . . 1 . 5 . . . . . 1 . . . 1 Scanalyzers 7 | . . . 1 . . . . . 1 . 1 . 1 . 1 . 2 . . Garrison Access 10 | . . . . . . . 1 . 3 . 2 . 1 . 2 . 1 . . Total Hacks 348 | . 31 . 43 . 1 . 39 11 37 4 29 4 26 8 86 2 16 2 9 Successful 210 | . 14 . 35 . 1 . 26 7 26 3 20 3 14 2 46 1 4 1 7 Failed 138 | . 17 . 8 . . . 13 4 11 1 9 1 12 6 40 1 12 1 2 Catastrophic 27 | . 1 . 2 . . . 3 . 3 . 3 . 4 . 6 1 3 1 . Database Lockouts . | . . . . . . . . . . . . . . . . . . . . Manual 196 | . 31 . 22 . 1 . 24 4 22 1 10 . 16 6 48 1 4 2 4 Terminals 206 | . 30 . 27 . . . 29 11 11 4 10 4 13 8 45 2 4 2 6 Fabricators 36 | . . . . . . . . . 6 . 11 . 4 . 15 . . . . Repair Stations 47 | . . . 8 . . . 8 . 5 . 2 . 5 . 16 . 3 . . Recycling Units 19 | . 1 . 2 . . . 1 . 10 . . . . . 2 . . . 3 Scanalyzers 22 | . . . 6 . . . . . 2 . 4 . 2 . 3 . 5 . . Garrison Access 17 | . . . . . . . 1 . 3 . 2 . 2 . 5 . 4 . . Terminal Hacks 79 | . 10 . 17 . 1 . 14 5 . 2 2 3 3 2 15 1 . . 4 Record 2 | . . . . . . . . . . . . . . . . . . . 2 Part Schematic 6 | . 1 . . . . . 3 . . . . . . . 2 . . . . Robot Schematic 4 | . . . . . . . 2 . . . . . . . 2 . . . . Robot Analysis 13 | . 7 . 4 . . . . . . . . . 1 . 1 . . . . Prototype ID Bank 9 | . 1 . 2 . . . 3 . . . 1 . 1 . 1 . . . . Open Door 2 | . . . . . . . . 1 . . . 1 . . . . . . . Branch Access Points 2 | . . . 1 . . . . . . . . . . . 1 . . . . Emergency Access Points 6 | . . . . . . . . 1 . 1 . 1 . 1 1 1 . . . Machine Index 1 | . . . . . . . . . . . . . . . 1 . . . . Terminal Index 2 | . . . . . . . . . . . . . . . 1 . . . 1 Fabricator Index 1 | . . . . . . . . . . . . . . . 1 . . . . Alert Level 4 | . . . 2 . . . 2 . . . . . . . . . . . . Unreport Threat 4 | . . . 2 . . . . . . . 1 . . . . . . . 1 Locate Traps 4 | . 1 . 2 . . . . . . . . . . . 1 . . . . Dispatch Records 5 | . . . 1 . . . 1 . . . . . 1 . 2 . . . . Investigation Status 1 | . . . 1 . . . . . . . . . . . . . . . . Assault Status 1 | . . . . . . . 1 . . . . . . . . . . . . Recall Investigation 1 | . . . . . . . 1 . . . . . . . . . . . . Recall Reinforcements 3 | . . . 2 . . . 1 . . . . . . . . . . . . Zone Layout 1 | . . . . . . . . . . . . . . . 1 . . . . Garrison Registry 2 | . . . . . . . . 1 . . . . . 1 . . . . . Patrol Navigation 3 | . . . . . . . . 1 . 1 . 1 . . . . . . . Security Stations 1 | . . . . . . . . 1 . . . . . . . . . . . EX-Prototype ID Bank 1 | . . . . . 1 . . . . . . . . . . . . . . Fabricator Hacks 13 | . . . . . . . . . 2 . 5 . . . 6 . . . . Network Status 1 | . . . . . . . . . . . 1 . . . . . . . . Load Schematic 6 | . . . . . . . . . 1 . 2 . . . 3 . . . . Build 6 | . . . . . . . . . 1 . 2 . . . 3 . . . . Repair Station Hacks 38 | . . . 8 . . . 7 . 4 . 2 . 3 . 12 . 2 . . Scan Component 21 | . . . 4 . . . 4 . 2 . 1 . 2 . 7 . 1 . . Repair 17 | . . . 4 . . . 3 . 2 . 1 . 1 . 5 . 1 . . Recycling Unit Hacks 7 | . . . 1 . . . 1 . 3 . . . . . . . . . 2 Report Inventory 6 | . . . 1 . . . 1 . 3 . . . . . . . . . 1 Retrieve Components 1 | . . . . . . . . . . . . . . . . . . . 1 Scanalyzer 16 | . . . 5 . . . . . 2 . 4 . 2 . 2 . 1 . . Insert Component 9 | . . . 3 . . . . . 1 . 2 . 1 . 1 . 1 . . Analyze 7 | . . . 2 . . . . . 1 . 2 . 1 . 1 . . . . Garrison Access Hacks 9 | . . . . . . . 1 . 3 . 2 . 1 . 1 . 1 . . Unlock Access 6 | . . . . . . . 1 . 1 . 1 . 1 . 1 . 1 . . Seal Access 3 | . . . . . . . . . 2 . 1 . . . . . . . . Unauthorized Hacks 48 | . 4 . 4 . . . 3 2 12 1 5 . 5 . 10 . . 1 1 Terminals 30 | . 3 . 3 . . . 3 2 5 1 2 . 4 . 6 . . 1 . Assimilate 4 | . . . . . . . . . 1 . . . 1 . 2 . . . . Botnet 26 | . 3 . 3 . . . 3 2 4 1 2 . 3 . 4 . . 1 . Fabricators 7 | . . . . . . . . . 2 . 3 . . . 2 . . . . Fabnet 7 | . . . . . . . . . 2 . 3 . . . 2 . . . . Repair Stations . | . . . . . . . . . . . . . . . . . . . . Recycling Units 8 | . 1 . 1 . . . . . 5 . . . . . . . . . 1 Mask 8 | . 1 . 1 . . . . . 5 . . . . . . . . . 1 Scanalyzers . | . . . . . . . . . . . . . . . . . . . . Garrison Access 3 | . . . . . . . . . . . . . 1 . 2 . . . . Reprogram 1 | . . . . . . . . . . . . . . . 1 . . . . Intercept 2 | . . . . . . . . . . . . . 1 . 1 . . . . Data Cores Recovered 5 | . . . 1 . . . 2 . . . . . . . 1 . . . 1 Used 3 | . . . 1 . . . 1 . . . . . . . 1 . . . . Hacking Detections 113 | . 7 . 11 . . . 13 5 12 2 11 2 10 3 27 1 5 1 3 Full Trace Events 20 | . 2 . 2 . . . 3 1 1 . 2 . 2 . 6 . . 1 . Feedback Events 3 | . 1 . . . . . . . . . . . . . 1 . . 1 . Corruption 3 | . 1 . . . . . . . . . . . . . 1 . . 1 . Feedback Blocked . | . . . . . . . . . . . . . . . . . . . . Robot Schematics Acquired 4 | . . . . . . . 2 . . . . . . . 2 . . . . Robots Built 4 | . . . . . . . . . 1 . . . . . 3 . . . . Authchips . | . . . . . . . . . . . . . . . . . . . . Time 282 | . . . . . . . . . 116 . . . . . 166 . . . . Total Robot Build Rating 11 | . . . . . . . . . 3 . . . . . 8 . . . . Part Schematics Acquired 13 | . 1 . 2 . . . 3 . 1 . 2 . 1 . 3 . . . . Parts Built 5 | . . . . . . . . . . . 4 . . . 1 . . . . Authchips . | . . . . . . . . . . . . . . . . . . . . Time 296 | . . . . . . . . . . . 190 . . . 106 . . . . Total Part Build Rating 26 | . . . . . . . . . . . 20 . . . 6 . . . . Parts Repaired 17 | . . . 4 . . . 3 . 2 . 1 . 1 . 5 . 1 . . Time 531 | . . . 128 . . . 64 . 47 . 22 . 43 . 211 . 16 . . Parts Recycled . | . . . . . . . . . . . . . . . . . . . . Recycled Matter . | . . . . . . . . . . . . . . . . . . . . Retrieved Matter . | . . . . . . . . . . . . . . . . . . . . Retrieved Components 3 | . . . . . . . . . . . . . . . . . . . 3 Parts Scanalyzed 8 | . . . 2 . . . . . 1 . 2 . 1 . 1 . 1 . . Part Schematics Acquired 7 | . . . 2 . . . . . 1 . 2 . 1 . 1 . . . . Parts Damaged . | . . . . . . . . . . . . . . . . . . . . Bothacking | -11 -10 -10 -9 -9 -9 -8 -8 -8 -7 -7 -7 -7 -6 -6 -6 -6 -5 -5 -4 ------------ Run | Jun Mat Min Mat Min Exi Min Mat Gar Fac Gar Fac Gar Fac Gar Fac Gar Fac Gar Fac Used RIF Installer 9 | . . . . . . . . 2 . 2 . 1 . 1 . 2 . 1 . Coupler Efficiency 1 | . . . . . . . . . . . . 1 . . . . . . . Hotswap 1 | . . . . . . . . . . 1 . . . . . . . . . Signal Jammer 1 | . . . . . . . . 1 . . . . . . . . . . . Zone Cloak 1 | . . . . . . . . . . 1 . . . . . . . . . Watcher Feeds 1 | . . . . . . . . . . . . . . . . . . 1 . Patrol Navigation 1 | . . . . . . . . . . . . . . . . 1 . . . Alert ID Control 1 | . . . . . . . . . . . . . . 1 . . . . . Crosswire 1 | . . . . . . . . . . . . . . . . 1 . . . Robots Hacked 25 | . . . . . . . . . . . . . 7 2 6 3 4 3 . Non-combat . | . . . . . . . . . . . . . . . . . . . . Combat 25 | . . . . . . . . . . . . . 7 2 6 3 4 3 . Robot Hacks Applied . | . . . . . . . . . . . . . . . . . . . . Relay Couplers Released 14 | . . . . . . . . . 3 . 3 3 . . . . . 5 . Machine Destruction 5 | . . . . . . . . . . . . . . . . . . 5 . Programmers 9 | . . . . . . . . . 3 . 3 3 . . . . . . . Attached 1 | . . . . . . . . . . . . . . . . . . . 1 Crosswired 4 | . . . . . . . . . . . . . . . . . . 4 . Fabnet Peak Effective % 12 | . . . . . . . . . . . . . 12 12 12 12 10 10 2 Autooverrided 25 | . . . . . . . . . . . . . 7 2 6 3 4 3 . Robots Rewired 11 | . . . . . . . . 2 . . . 3 . . . . . 6 . Allies Hacked . | . . . . . . . . . . . . . . . . . . . . Hacks Repelled . | . . . . . . . . . . . . . . . . . . . . Allies | -11 -10 -10 -9 -9 -9 -8 -8 -8 -7 -7 -7 -7 -6 -6 -6 -6 -5 -5 -4 -------- Run | Jun Mat Min Mat Min Exi Min Mat Gar Fac Gar Fac Gar Fac Gar Fac Gar Fac Gar Fac Total Allies 53 | . . . . . . . . 2 5 2 . 5 7 2 10 5 4 11 . Largest Group 5 | . . . . . . . . 2 3 3 2 4 2 1 1 2 2 5 4 Highest-Rated Group 298 | . . . . . . . . 70 93 175 175 162 127 29 41 46 95 298 252 Highest-Rated Ally 95 | . . . . . . . . 39 39 95 95 80 90 29 41 46 54 95 90 Total Orders . | . . . . . . . . . . . . . . . . . . . . Ally Attacks 265 | . . . . . . . . 6 70 23 35 31 16 1 10 12 15 35 11 Total Damage 7158 | . . . . . . . . 127 1029 497 1415 937 369 17 171 359 343 1414 480 Kills 50 | . . . . . . . . 1 10 12 14 8 . . . 3 . 2 . Allies Corrupted 2 | . . . . . . . . . 1 . . . . . . . . 1 . Allies Melted . | . . . . . . . . . . . . . . . . . . . . Intel | -11 -10 -10 -9 -9 -9 -8 -8 -8 -7 -7 -7 -7 -6 -6 -6 -6 -5 -5 -4 ------- Run | Jun Mat Min Mat Min Exi Min Mat Gar Fac Gar Fac Gar Fac Gar Fac Gar Fac Gar Fac Robot Analysis Total 11 | . 5 . 4 . . . . . . . . . 1 . 1 . . . . Derelict Logs Recovered 3 | . . 3 . . . . . . . . . . . . . . . . . Drone Launches . | . . . . . . . . . . . . . . . . . . . . Drone Recoveries . | . . . . . . . . . . . . . . . . . . . . Exploration | -11 -10 -10 -9 -9 -9 -8 -8 -8 -7 -7 -7 -7 -6 -6 -6 -6 -5 -5 -4 ------------- Run | Jun Mat Min Mat Min Exi Min Mat Gar Fac Gar Fac Gar Fac Gar Fac Gar Fac Gar Fac Turns Passed 40431 | 44 962 475 2174 45 268 786 2308 1708 5192 1347 4034 1425 5063 1280 5875 2100 1531 2841 973 Spaces Moved 24838 | 34 775 407 1515 43 254 426 1492 1117 2936 925 2566 975 2642 848 3588 1431 927 1444 493 Core 12 | 4 . . . . . . . . . . . . . . . . . 3 5 Treads 13 | . . . . . . . . . . . . . . . . . . 4 9 Legs 19519 | . . . . . . . . 765 2936 925 2566 975 2642 848 3588 1431 927 1437 479 Wheels 5221 | 30 775 334 1515 43 254 426 1492 352 . . . . . . . . . . . Hover 73 | . . 73 . . . . . . . . . . . . . . . . . Flight . | . . . . . . . . . . . . . . . . . . . . Fastest Speed 50 | 50 100 56 90 105 105 105 86 95 113 120 116 105 100 110 110 110 112 100 105 Average Speed 113 | 94 100 92 98 105 105 105 93 117 120 120 119 109 116 114 111 111 117 134 121 Slowest Speed 850 | 100 100 100 120 105 105 105 101 260 190 120 120 120 180 115 112 112 190 350 850 Overloaded Moves . | . . . . . . . . . . . . . . . . . . . . Propulsion Burnouts . | . . . . . . . . . . . . . . . . . . . . Robots Hopped . | . . . . . . . . . . . . . . . . . . . . Cave-ins Triggered 1 | . . . . . . . . . . . . . . . . . . . 1 Exploration Rate (%) 63 | 4 99 78 96 18 68 79 79 84 46 88 52 93 43 79 53 94 18 82 8 Regions Visited 19 Branch Regions 4 Pre-discovered Areas 1 | . . 1 . . . . . . . . . . . . . . . . . Known Exits Taken 8 | . . 1 1 . . . 1 . 1 . 1 . 1 . 1 . 1 . . Unknown Exits Taken 5 | 1 1 . . 1 1 1 . . . . . . . . . . . . . Scrap Searched 3 | . . 1 . . . 2 . . . . . . . . . . . . . Spaces Dug 13 | . . . . . . . 4 . 1 1 . . . . 2 3 2 . . Terrain Destroyed 352 | . . . 1 . . . 16 4 1 69 . 75 13 1 2 24 18 114 14 Melee 8 | . . . . . . . 4 . 1 1 . . . . 2 . . . . Projectile 120 | . . . 1 . . . 12 1 . . . . 13 1 . 24 18 36 14 AOE 221 | . . . . . . . . . . 68 . 75 . . . . . 78 . Terrain Rammed . | . . . . . . . . . . . . . . . . . . . . Walls Destroyed . | . . . . . . . . . . . . . . . . . . . . Machines Disabled . | . . . . . . . . . . . . . . . . . . . . Actions | -11 -10 -10 -9 -9 -9 -8 -8 -8 -7 -7 -7 -7 -6 -6 -6 -6 -5 -5 -4 --------- Run | Jun Mat Min Mat Min Exi Min Mat Gar Fac Gar Fac Gar Fac Gar Fac Gar Fac Gar Fac Total 34528 | 41 867 453 2023 42 255 764 2217 1337 4407 1041 3352 1191 4410 1042 5289 1727 1232 2087 751 Wait 7501 | . 20 10 355 . . 339 562 83 1311 34 663 110 1573 116 1565 162 173 323 102 Move 24813 | 33 774 406 1514 42 253 425 1491 1115 2935 923 2565 973 2641 846 3587 1429 926 1442 493 Hop . | . . . . . . . . . . . . . . . . . . . . Pick Up 100 | . 6 . 10 . . . 9 5 5 3 8 . 14 1 10 6 6 16 1 Fast Attach 225 | 6 3 1 29 . 1 . 15 8 20 2 14 7 27 1 15 3 8 40 25 Attach 69 | . . 2 . . . . 3 7 3 2 1 1 7 1 3 3 10 14 12 Detach 20 | . . . . . . . 1 2 1 . . . 6 . 1 . 5 2 2 Swap 147 | 2 3 3 2 . . . 8 3 13 12 9 5 9 23 20 7 8 14 6 Drop 196 | . 3 2 24 . 1 . 21 3 20 5 18 5 27 3 20 6 7 20 11 Fire 1231 | . 55 29 88 . . . 100 89 83 47 70 57 105 41 64 106 84 120 93 Melee 67 | . . . . . . . 4 3 3 8 . . . 8 3 1 . 31 6 Ram 4 | . . . 1 . . . 3 . . . . . . . . . . . . Kick 3 | . . . . . . . . . . . 2 . 1 . . . . . . Crush . | . . . . . . . . . . . . . . . . . . . . Escape Stasis 92 | . . . . . . . . 16 13 1 2 13 . 2 1 4 5 35 . Rewire 60 | . 3 . . . . . . 3 . 4 . 20 . . . . . 30 . Trap . | . . . . . . . . . . . . . . . . . . . . Miscellaneous . | . . . . . . . . . . . . . . . . . . . . Route ------- -11/Junkyard -10/Materials (discovered 4 exits: *Mat x3 / [*Min]) -10/Mines (discovered 2 exits: *Mat x2) -9/Materials (discovered 6 exits: *Mat x3 / *Min / *Sto x2) -9/Mines -9/Exiles -8/Mines -8/Materials (discovered 3 exits: *Fac x2 / Gar) -8/Garrison (discovered 3 exits: *Fac x3) -7/Factory (discovered 3 exits: *Fac / [*Low] / Gar) -7/Garrison (discovered 3 exits: *Fac x3) -7/Factory (discovered 3 exits: *Fac / [*Low] / Gar) -7/Garrison (discovered 3 exits: *Fac x3) -6/Factory (discovered 2 exits: *Ext / Gar) -6/Garrison (discovered 3 exits: *Fac x3) -6/Factory (discovered 7 exits: *Fac x2 / *Low x2 / *Ext x2 / Gar) -6/Garrison (discovered 3 exits: *Fac x3) -5/Factory (discovered 3 exits: *Fac x2 / Gar) -5/Garrison (discovered 3 exits: *Fac x3) -4/Factory History --------- Turn | Location | Event 2 | -11/Junkyard | Met Revision 17 31 | -11/Junkyard | Discovered new exit (range 14) 45 | -11/Junkyard | Entered Materials 141 | -10/Materials | Discovered new exit (range 9) 300 | -10/Materials | Build established: Mutant 469 | -10/Materials | Discovered new exit (range 11) 478 | -10/Materials | Identified exit to Materials 838 | -10/Materials | Discovered exit to Materials (range 5) 888 | -10/Materials | Discovered new exit (range 7) 1007 | -10/Materials | Entered Mines 1046 | -10/Mines | Learned location of Mines (-9) 1074 | -10/Mines | Discovered exit to Materials (range 15) 1078 | -10/Mines | Received a Rocket Launcher from a helpful Derelict 1095 | -10/Mines | Discovered exit to Materials (range 7) 1159 | -10/Mines | Assembled infested the area 1244 | -10/Mines | Learned 2 Materials zone layouts 1269 | -10/Mines | Learned 4 Materials zone layouts 1354 | -10/Mines | Core integrity fell below 50% 1363 | -10/Mines | Core integrity fell below 20% 1482 | -10/Mines | Entered Materials 1482 | -9/Materials | Evolved 2 slots: Utility x2 1483 | -9/Materials | Identified exit to Mines 1689 | -9/Materials | Discovered new exit (range 9) 2012 | -9/Materials | Identified exit to Storage 2164 | -9/Materials | Discovered new exit (range 5) 2455 | -9/Materials | Discovered new exit (range 8) 2523 | -9/Materials | Repaired Arm. Wheel 2557 | -9/Materials | Repaired Arm. Wheel 2597 | -9/Materials | Repaired Imp. Light Cannon 2630 | -9/Materials | Repaired Imp. Light Cannon 3200 | -9/Materials | Discovered new exit (range 7) 3656 | -9/Materials | Entered Mines 3688 | -9/Mines | Met a Derelict bent on vengeance 3695 | -9/Mines | Deemed a non-threat by the Exiles lab entrance 3696 | -9/Mines | Discovered new exit (range 5) 3701 | -9/Mines | Entered Exiles 3727 | -9/Exiles | Met 8R-AWN 3745 | -9/Exiles | Met EX-HEX 3777 | -9/Exiles | Met EX-BIN 3792 | -9/Exiles | Aligned with FarCom system 3793 | -9/Exiles | Given EX-Vault access code 3817 | -9/Exiles | Opened EX-Vault 3838 | -9/Exiles | Found Superbattery 3862 | -9/Exiles | Warned to stay clear of 0b10 Research branches 3916 | -9/Exiles | Met EX-DEC 3959 | -9/Exiles | Discovered new exit (range 12) 3969 | -9/Exiles | Left Exiles lab with Superbattery 3969 | -9/Exiles | Entered Mines 4749 | -8/Mines | Discovered new exit (range 7) 4755 | -8/Mines | Entered Materials 4755 | -8/Materials | Evolved 2 slots: Propulsion x1, Utility x1 5541 | -8/Materials | Repaired Imp. Light Cannon 6141 | -8/Materials | Discovered new exit (range 5) 6394 | -8/Materials | Repaired Arm. Wheel 6412 | -8/Materials | Repaired Arm. Wheel 6843 | -8/Materials | Garrison activated, responded to threat 6941 | -8/Materials | Discovered new exit (range 13) 7062 | -8/Materials | Identified exit to Garrison 7063 | -8/Materials | Entered Garrison 7201 | -8/Garrison | Discovered new exit (range 8) 7217 | -8/Garrison | Spotted B-75 Beast 7299 | -8/Garrison | Lost 5 parts (1p1n1u2w) 7405 | -8/Garrison | Destroyed B-75 Beast 7621 | -8/Garrison | Triggered checkpoint 7748 | -8/Garrison | Triggered checkpoint 7824 | -8/Garrison | Build established: Hacker-Mutant 7869 | -8/Garrison | Discovered new exit (range 12) 7980 | -8/Garrison | Learned Factory security intel 8006 | -8/Garrison | Triggered checkpoint 8051 | -8/Garrison | Core integrity fell below 50% 8176 | -8/Garrison | Discovered new exit (range 12) 8290 | -8/Garrison | Discovered new exit (range 54) 8290 | -8/Garrison | Discovered new exit (range 34) 8290 | -8/Garrison | Discovered new exit (range 19) 8395 | -8/Garrison | Build established: Scavenger-Mutant 8434 | -8/Garrison | Triggered checkpoint 8560 | -8/Garrison | Installed Relay Interface Framework 8585 | -8/Garrison | Expanded RIF knowledge: Signal Jamming 8771 | -8/Garrison | Entered Factory 8771 | -7/Factory | Accompanied by 2 allies 8771 | -7/Factory | Evolved 2 slots: Propulsion x1, Utility x1 9121 | -7/Factory | Fabricated M-28 Smith? 9522 | -7/Factory | Discovered new exit (range 9) 10687 | -7/Factory | Repaired Carbon-fiber Leg 11791 | -7/Factory | Found Prototype Launcher 11791 | -7/Factory | Identified Rocket Array 11881 | -7/Factory | Repaired Adv. Cooling System 11906 | -7/Factory | Discovered new exit (range 4) 12373 | -7/Factory | Build established: Hacker-Mutant 13781 | -7/Factory | Allied Derelicts emerged from ambush trap array 13854 | -7/Factory | Garrison activated, responded to threat 13962 | -7/Factory | Identified exit to Garrison 13963 | -7/Factory | Entered Garrison 13963 | -7/Garrison | Accompanied by 3 allies 13992 | -7/Garrison | Triggered checkpoint 14062 | -7/Garrison | Expanded RIF knowledge: Zone Cloak 14128 | -7/Garrison | Triggered checkpoint 14132 | -7/Garrison | Triggered checkpoint 14168 | -7/Garrison | Discovered new exit (range 12) 14252 | -7/Garrison | Triggered checkpoint 14443 | -7/Garrison | Expanded RIF knowledge: Hotswap 14590 | -7/Garrison | Triggered checkpoint 14598 | -7/Garrison | Triggered checkpoint 14672 | -7/Garrison | Triggered checkpoint 14844 | -7/Garrison | Triggered checkpoint 14873 | -7/Garrison | Discovered new exit (range 13) 15003 | -7/Garrison | Discovered new exit (range 14) 15034 | -7/Garrison | Found embedded Infiltrators 15057 | -7/Garrison | Phase Generator disabled 15176 | -7/Garrison | Triggered checkpoint 15310 | -7/Garrison | Entered Factory 15310 | -7/Factory | Accompanied by 2 allies 15810 | -7/Factory | Fabricated Neutrino Core? 16103 | -7/Factory | Discovered new exit (range 15) 16510 | -7/Factory | First assault squad dispatched 16691 | -7/Factory | Garrison activated, responded to threat 17294 | -7/Factory | Discovered new exit (range 5) 18050 | -7/Factory | Repaired Gatling Laser 18358 | -7/Factory | Fabricated Gatling Laser? 19343 | -7/Factory | Identified exit to Garrison 19344 | -7/Factory | Entered Garrison 19380 | -7/Garrison | Triggered checkpoint 19426 | -7/Garrison | Triggered checkpoint 19583 | -7/Garrison | Expanded RIF knowledge: Coupler Efficiency 19633 | -7/Garrison | Discovered new exit (range 15) 19648 | -7/Garrison | Found embedded Infiltrators 19761 | -7/Garrison | Triggered checkpoint 19854 | -7/Garrison | Triggered checkpoint 19971 | -7/Garrison | Discovered new exit (range 10) 20098 | -7/Garrison | Build established: Scavenger-Mutant 20174 | -7/Garrison | Triggered checkpoint 20272 | -7/Garrison | Discovered new exit (range 13) 20440 | -7/Garrison | Phase Generator disabled 20473 | -7/Garrison | Triggered checkpoint 20769 | -7/Garrison | Entered Factory 20769 | -6/Factory | Evolved 2 slots: Utility x2 21110 | -6/Factory | Garrison activated, responded to threat 21261 | -6/Factory | Lost 4 parts (1p1n2w) 21676 | -6/Factory | Garrison activated, responded to threat 21724 | -6/Factory | Destroyed 8 combat bots 21906 | -6/Factory | Cargo convoy interrupted 22021 | -6/Factory | Found Prototype Processor 22021 | -6/Factory | Identified Exp. Terrain Scan Processor 22033 | -6/Factory | Found Prototype Energy Cannon 22033 | -6/Factory | Identified Exp. Thermic Cannon 22058 | -6/Factory | Garrison activated, responded to threat 23837 | -6/Factory | Build established: Hacker-Mutant 23913 | -6/Factory | Local machine network offline 23915 | -6/Factory | Repaired Broken Adv. VSS Leg 25557 | -6/Factory | Discovered new exit (range 11) 25633 | -6/Factory | Garrison activated, responded to threat 25831 | -6/Factory | Identified exit to Garrison 25832 | -6/Factory | Entered Garrison 26022 | -6/Garrison | Destroyed 7 combat bots 26076 | -6/Garrison | Triggered checkpoint 26106 | -6/Garrison | Discovered new exit (range 10) 26162 | -6/Garrison | Triggered checkpoint 26248 | -6/Garrison | Build established: Mutant 26374 | -6/Garrison | Discovered new exit (range 10) 26406 | -6/Garrison | Expanded RIF knowledge: Alert ID Control 26688 | -6/Garrison | Triggered checkpoint 26900 | -6/Garrison | Triggered checkpoint 26966 | -6/Garrison | Discovered new exit (range 60) 26966 | -6/Garrison | Discovered new exit (range 13) 26966 | -6/Garrison | Discovered new exit (range 39) 27066 | -6/Garrison | Triggered checkpoint 27112 | -6/Garrison | Entered Factory 27220 | -6/Factory | Found Prototype Processor 27220 | -6/Factory | Identified Exp. Targeting Computer 27227 | -6/Factory | Found Exp. Targeting Computer 27347 | -6/Factory | Build established: Scavenger-Mutant 27391 | -6/Factory | Repaired Broken Adv. Myomer Leg? 27511 | -6/Factory | Repaired Gatling Laser 28442 | -6/Factory | Discovered new exit (range 4) 28541 | -6/Factory | Fabricated I-36 Angel? 29451 | -6/Factory | Spotted B-75 Beast 29553 | -6/Factory | Fabricated Y-45 Defender? 30132 | -6/Factory | Discovered new exit (range 15) 30225 | -6/Factory | Discovered new exit (range 4) 30469 | -6/Factory | Discovered new exit (range 16) 30713 | -6/Factory | Identified exit to Lower Caves 30713 | -6/Factory | Identified exit to Extension 30827 | -6/Factory | Repaired Adv. System Restoration Module 30921 | -6/Factory | Repaired Lyr. Medium Armor Plating 30945 | -6/Factory | Repaired Imp. Medium Armor Plating 31785 | -6/Factory | Fabricated Adv. System Shield? 31926 | -6/Factory | Garrison activated, responded to threat 32461 | -6/Factory | Build established: Mutant 32986 | -6/Factory | Identified exit to Garrison 32987 | -6/Factory | Entered Garrison 33110 | -6/Garrison | Triggered checkpoint 33125 | -6/Garrison | Rescued a captive Derelict 33136 | -6/Garrison | Rescued a captive Derelict 33288 | -6/Garrison | Triggered checkpoint 33302 | -6/Garrison | Spotted B-75 Beast 33349 | -6/Garrison | Destroyed B-75 Beast 33360 | -6/Garrison | Triggered checkpoint 33383 | -6/Garrison | Heavy support dispatched to Factory 33393 | -6/Garrison | Discovered new exit (range 13) 33530 | -6/Garrison | Triggered checkpoint 33618 | -6/Garrison | Triggered checkpoint 33670 | -6/Garrison | Discovered new exit (range 9) 33708 | -6/Garrison | H-XX Assembler disabled 33837 | -6/Garrison | Triggered checkpoint 33938 | -6/Garrison | Spotted B-75 Beast 34037 | -6/Garrison | Destroyed B-75 Beast 34206 | -6/Garrison | Expanded RIF knowledge: Patrol Navigation 34230 | -6/Garrison | Discovered new exit (range 11) 34254 | -6/Garrison | Spotted Striker 34255 | -6/Garrison | Spotted Striker 34266 | -6/Garrison | Destroyed Striker 34280 | -6/Garrison | Destroyed Striker 34355 | -6/Garrison | Triggered checkpoint 34576 | -6/Garrison | Triggered checkpoint 34595 | -6/Garrison | Core integrity fell below 50% 34787 | -6/Garrison | Expanded RIF knowledge: Crosswire 35087 | -6/Garrison | Entered Factory 35087 | -5/Factory | Evolved 2 slots: Utility x2 35207 | -5/Factory | Repaired Focal Shield 35387 | -5/Factory | First assault squad dispatched 35398 | -5/Factory | Build established: Hacker-Mutant 35486 | -5/Factory | Identified exit to Garrison 35494 | -5/Factory | Discovered new exit (range 10) 35535 | -5/Factory | Garrison activated, responded to threat 35632 | -5/Factory | Lost 3 parts (1n2u) 35652 | -5/Factory | Destroyed 11 combat bots 35860 | -5/Factory | Cargo convoy interrupted 35992 | -5/Factory | Discovered new exit (range 15) 35995 | -5/Factory | Local machine network offline 36618 | -5/Factory | Entered Garrison 36752 | -5/Garrison | Build established: Scavenger-Mutant 36910 | -5/Garrison | Spotted B-75 Beast 36967 | -5/Garrison | Destroyed B-75 Beast 37054 | -5/Garrison | Discovered new exit (range 14) 37126 | -5/Garrison | Triggered checkpoint 37363 | -5/Garrison | Local machine network offline 37364 | -5/Garrison | Triggered checkpoint 37526 | -5/Garrison | Discovered new exit (range 14) 37599 | -5/Garrison | Phase Generator disabled 37832 | -5/Garrison | Spotted Striker 37886 | -5/Garrison | Triggered checkpoint 37957 | -5/Garrison | Lost 4 parts (1n3u) 38097 | -5/Garrison | Triggered checkpoint 38179 | -5/Garrison | Core integrity fell below 50% 38225 | -5/Garrison | Lost 16 parts (1p5n4u6w) 38384 | -5/Garrison | Spotted B-75 Beast 38394 | -5/Garrison | Discovered new exit (range 6) 38417 | -5/Garrison | Expanded RIF knowledge: Watcher Feeds 38964 | -5/Garrison | Triggered checkpoint 38978 | -5/Garrison | Found embedded Infiltrators 39052 | -5/Garrison | Destroyed B-75 Beast 39268 | -5/Garrison | Garrison Relay disabled 39459 | -5/Garrison | Entered Factory 39459 | -4/Factory | Accompanied by 4 allies 39459 | -4/Factory | Evolved 2 slots: Power x1, Utility x1 39709 | -4/Factory | First assault squad dispatched 39832 | -4/Factory | Crushed by falling debris 39863 | -4/Factory | Lost 12 parts (3n7u2w) 39873 | -4/Factory | System corruption reached 10% 39936 | -4/Factory | Garrison activated, responded to threat 40223 | -4/Factory | Destroyed 8 combat bots 40399 | -4/Factory | Core integrity fell below 50% 40417 | -4/Factory | Core integrity fell below 20% 40432 | -4/Factory | Destroyed by G-73 Enforcer with Heavy Laser Last Messages --------------- Adv. Weapon Cycler destroyed. G-67 Veteran suffers critical hit (Burn). G-67 Veteran suffers critical hit (Smash). Destroyed Flexi-carbon Leg. Destroyed Field Laser. G-67 Veteran system corrupted by crushing effect. G-67 Veteran knocked back. U-05 Engineer lays Concrete. G-67 Veteran system terminally corrupted. Adv. Heat Sink fried. U-05 Engineer lays Concrete. Acquired 1 matter. U-05 Engineer lays Concrete. Hvy. Flail destroyed. U-05 Engineer lays Concrete. Imp. Target Analyzer destroyed. U-05 Engineer lays Concrete. Acquired Imp. Treads. U-05 Engineer lays Concrete. [Achievement: 40k Club] Map ----- +----------------------------------------------------+ | ?????????????????????????????????????????????????? | | ?????????????????????????????????????????????????? | | ?????????????????????????????????????????????????? | | ?????????????????????????????????????????????????? | | ??????????????????????????????????##############?? | | ??????????????????????????????????# #?? | | ??????????????????????????????????# [ #?? | | ??????????????????????????????????# ### | | ??????????????????????????????????# """ """ # | | ??????????????????????????????????# """ """ # | | ??????????????????????????????????# """ """ # | | ?????^????????????????????????????# # | | ??????????????????????????????????# """ """ # | | ???????????" ?????????????????????# """ """ # | | ??????""???" ????????????????????# """ """ # | | ??????"" """ ????????????????????# # | | ??????? ]????????????????????# # | | ???????" """ ##########################+#####+### | | ???^???" ""% =| %=%[ %/ | | ???????" """ *=[%! = = | | ???? !% %! %!=%= = | | ?? ? """ ""% ![ =g !sg*=% ! = | | ??^ ??"" """ g% [% % = | | ??? ^"""!""% #####g####################/## | | ??^ ^ %[ # % # ## ^ | | ???? """[""" |= # @ # """ """ ## ! ^ | | ?# """ """ == # # """ """ ## | | %"[ %"" """ # # """%""" ## | | ?# ! # # ! # | | ?# # # *%! ! | | ??#### # T##"""T" "### # %""T""%" | | ?????# ##??#########?# /= # [ """""=[# | | ???### ###???????????# == # %!*%!=#[ | | ???# #############+########+###"####%#% | | ???# =! !| * %[%######## | | ???+ [% =%=% !%%!%%% !%/% = % | | ???# ! *%]%![!#########! #/ | | ???# ### ######/########%=!##?#[##[#% #? | | ???######### # #[=%"#?##?#########? | | ???# + + ## %##?????????????? | | ???# # # ## ##?????????????? | | ???# # # ! ## ##?????????????? | | ???# ] + + ## !#??????????????? | | ???# ###########/######## #??????????????? | | ???# #?????????# #??????# #??????????????? | | ???# #?????????# #??????# #??????????????? | | ???# #?????????# #??????# #??????????????? | | ???# #?????????? ??????? ! ??????????????? | | ???# #?????????? ??????? ??????????????? | | ???#########?????????? ??????? ??????????????? | +----------------------------------------------------+ Best States ------------- Heat Dissipation 112 Energy Generation 45 Energy Capacity 1775 Matter Stores 300 Matter Capacity 300 Sight Range 16 Terrain Scan Density 10 Cloak Strength 2 Base Temperature (-) 100 Armor Coverage 600 Resistance: KI 40 Resistance: TH 20 Resistance: EX 20 Resistance: EM 20 Resistance: I 20 Resistance: S 20 Resistance: P 20 Core Shielding 30 Weapon Cycling 30 Phase Shifting 15 Evasion (%) 65 Targeting Accuracy 12 Target Analysis 11 Core Analysis 6 Armor Integrity Analysis 30 Recoil Reduction 4 Matter Filtering 30 Particle Charging 20 Kinecelleration 40 Offensive Hacking 24 Defensive Hacking 12 Relay Coupler Types 4 Relay Coupler Value 55 Item Schematics ----------------- Lgt. Cannon | -10/Materials | Hacked Imp. Medium Laser | -9/Materials | Scanalyzed Imp. Light Cannon | -9/Materials | Scanalyzed Adv. Targeting Computer | -8/Materials | Hacked Arm. Wheel | -8/Materials | Hacked Core Shielding | -8/Materials | Hacked Neutrino Core | -7/Factory | Scanalyzed Adv. System Restoration Module | -7/Factory | Scanalyzed Gatling Laser | -7/Factory | Scanalyzed Adv. Plasma Cannon | -6/Factory | Scanalyzed Adv. Phase Shifter | -6/Factory | Scanalyzed Adv. System Shield | -6/Factory | Hacked Arm. Medium Treads | -6/Factory | Hacked Robot Schematics ------------------ Y-45 Defender | -8/Materials | Hacked M-28 Smith | -8/Materials | Hacked I-36 Angel | -6/Factory | Hacked I-25 Savior | -6/Factory | Hacked Fabricated ------------ M-28 Smith | x1 | -7/Factory Neutrino Core | x2 | -7/Factory Gatling Laser | x2 | -7/Factory I-36 Angel | x1 | -6/Factory Y-45 Defender | x2 | -6/Factory Adv. System Shield | x1 | -6/Factory Alien Tech Used ----------------- None Achievements -------------- 40k Club Cannon Specialist Giant Slayer Challenges ------------ None Game ------ Seed HackingLauncherCycler Manual? 0 Play Time 05:50:10 Cumulative 58.2 hours Start 2023.09.25 @ 13:33:11 End 2023.09.27 @ 16:22:28 Sessions 13 Manual Loads 0 Difficulty Adventurer Special Mode None Game No. 17 Rogue 0 Adventurer 17 Explorer 0 Win Type - Total 0 Types 0/0/0/0/0/0/0/0/0 Lore% 30 Gallery% 41 Achievement% 37 Wizard Run 0 Options --------- ASCII 0 Keyboard 0 Movement Numpad Keybinds 0 Fullscreen 1 Font 24/Smallcaps Map View 76x50 Tactical HUD 0 Map Filters NONE Filters NONE Steam 1 RUN: 202e4740-a9a7-400b-9895-766edd0e7536